 Dungeon Crawl Stone Soup version 0.22-a0-423-g4197694 (webtiles) character file.

93320 Jynxie the Impaler (level 16, -2/145 (151) HPs)
             Began as a Hill Orc Skald on May 23, 2018.
             Was a High Priest of Beogh.
             Succumbed to a death drake's dark miasma
             ... on level 13 of the Dungeon on May 24, 2018.
             The game lasted 02:21:23 (38625 turns).

Jynxie the Impaler (Hill Orc Skald)                Turns: 38625, Time: 02:21:23

HP:   -2/145 (151)  AC: 25    Str: 22    XL:     16   Next: 8%
MP:   23/23         EV:  7    Int: 20    God:    Beogh [*****.]
Gold: 523           SH:  0    Dex: 10    Spells: 7/18 levels left

rFire    . . .     SeeInvis .   l - +2 spear (pierce)
rCold    . . .     Gourm    .   R - +2 shield
rNeg     . . .     Faith    .   q - +0 plate armour
rPois    .         Spirit   +   K - +2 helmet
rElec    .         Reflect  .   m - +2 cloak
rCorr    .         Harm     .   a - +0 pair of gloves
MR       +....                  E - +0 pair of boots
Stlth    ..........             w - amulet of guardian spirit
HPRegen  0.00/turn              I - +3 ring of strength
MPRegen  0.18/turn              n - ring of wizardry

@: confused, brilliant, lethally poisoned (-2 -> -132), very slightly
contaminated, non-regenerating, diseased, slowed, invisible, very slow
A: walk on water
a: Smiting, Recall Orcish Followers, Give Item to Named Follower, Renounce
Religion


You were on level 13 of the Dungeon.
You worshipped Beogh.
Beogh was extremely pleased with you.
You were not hungry.

You visited 3 branches of the dungeon, and saw 21 of its levels.

You collected 2181 gold pieces.
You spent 1658 gold pieces at shops.

Inventory:

Hand Weapons
 g - a +0 spear of venom
   (You found it on level 1 of the Dungeon)
 l - a +2 spear of piercing (weapon)
   (You bought it in a shop on level 2 of the Orcish Mines)
Missiles
 S - 2 throwing nets {!f}
 Y - 4 tomahawks (quivered)
Armour
 a - a +0 pair of gloves (worn)
   (You found it on level 2 of the Dungeon)
 m - a +2 cloak (worn)
   (You found it on level 1 of the Dungeon)
 q - a +0 plate armour (worn)
   (You took it off an orc warrior on level 7 of the Dungeon)
 B - a +0 ring mail of cold resistance
   (You found it on level 8 of the Dungeon)
 D - +0 fire dragon scales
   (You found it on level 6 of the Lair of Beasts)
 E - a +0 pair of boots (worn)
   (You found it on level 8 of the Dungeon)
 K - a +2 helmet (worn)
   (You found it on level 6 of the Dungeon)
 R - a +2 shield (worn)
   (You took it off a vault guard on level 13 of the Dungeon)
Magical Staves
 G - an uncursed staff of wizardry {!a}
   (You found it on level 6 of the Lair of Beasts)
 O - an uncursed staff of power {!a}
   (You found it on level 3 of the Lair of Beasts)
Jewellery
 j - an uncursed amulet of the acrobat
   (You found it on level 4 of the Dungeon)
 n - a ring of wizardry (right hand)
   (You found it on level 5 of the Dungeon)
 o - an uncursed ring of fire
   (You took it off a goblin on level 3 of the Dungeon)
 w - an amulet of guardian spirit (around neck)
   (You found it on level 3 of the Lair of Beasts)
 I - a +3 ring of strength (left hand)
   (You found it on level 10 of the Dungeon)
 J - an uncursed ring of protection from cold
   (You found it on level 3 of the Lair of Beasts)
 W - an uncursed ring of resist corrosion
   (You found it on level 5 of the Lair of Beasts)
Wands
 d - a wand of iceblast (8)
   (You found it on level 13 of the Dungeon)
 t - a wand of flame (24)
   (You found it on level 5 of the Lair of Beasts)
 v - a wand of digging (35)
   (You found it on level 10 of the Dungeon)
 x - a wand of acid (8)
   (You found it on level 3 of the Lair of Beasts)
Scrolls
 f - 5 scrolls of fog
 k - a scroll of amnesia
 r - a scroll of enchant weapon
 s - 4 scrolls of teleportation {@r4}
 u - 4 scrolls of magic mapping {unknown}
 y - a scroll of blinking
 C - a scroll of fear
 F - a scroll of vulnerability {unknown}
 M - 2 scrolls of noise {unknown}
 U - a scroll of remove curse {@r2}
 V - 2 scrolls of random uselessness {unknown}
Potions
 b - 3 potions of cancellation
 c - a potion of haste {@q3}
 h - a potion of brilliance
 i - 2 potions of agility
 p - 3 potions of mutation {!q}
 z - 2 potions of flight
 A - a potion of ambrosia
 N - a potion of resistance {unknown}
 Q - a potion of magic
 T - 2 potions of might
Miscellaneous
 L - a crystal ball of energy
   (You found it on level 9 of the Dungeon)
Comestibles
 e - 33 rations {!d}
 H - a chunk of flesh


   Skills:
 + Level 15.8 Fighting
 - Level 16.0 Polearms
 - Level 6.0 Throwing
 + Level 11.8 Armour
 - Level 1.5 Dodging
 + Level 11.7 Shields
 - Level 1.5 Spellcasting
 + Level 7.6 Charms
 + Level 10.5 Invocations


You had 7 spell levels left.
You knew the following spells:

 Your Spells              Type           Power        Failure   Level  Hunger
a - Infusion              Chrm           ####         1%          1    #......
b - Spectral Weapon       Hex/Chrm       ####....     19%         3    ###....
c - Blink                 Tloc           N/A          41%         2    ###....
e - Regeneration          Chrm/Necr      ####......   19%         3    ###....
A - Shroud of Golubria    Chrm/Tloc      ####......   11%         2    ###....

Your spell library contained the following spells:

 Spells                   Type           Power        Failure   Level  Hunger
 Magic Dart               Conj           ##..         30%         1    #......
 Fireball                 Conj/Fire      ##........   99%         5    ######.
 Apportation              Tloc           ##....       30%         1    #......
 Conjure Flame            Conj/Fire      ##......     61%         3    ###....
 Slow                     Hex            ##......     41%         2    ###....
 Throw Flame              Conj/Fire      ##....       41%         2    ###....
 Mephitic Cloud           Conj/Pois/Air  ##......     61%         3    ###....
 Summon Small Mammal      Summ           ##..         30%         1    #......
 Animate Skeleton         Necr           N/A          30%         1    #......
 Sticky Flame             Conj/Fire      ##......     91%         4    #####..
 Call Imp                 Summ           ##......     41%         2    ###....
 Spider Form              Tmut/Pois      ##........   61%         3    ###....
 Blade Hands              Tmut           ##........   99%         5    ######.
 Ice Form                 Ice/Tmut       ##......     91%         4    #####..
 Confusing Touch          Hex            ##....       30%         1    #......
 Flame Tongue             Conj/Fire      ##...        30%         1    #......
 Sticks to Snakes         Tmut           ##......     41%         2    ###....
 Inner Flame              Hex/Fire       ##......     61%         3    ###....
 Beastly Appendage        Tmut           ##....       30%         1    #......
 Song of Slaying          Chrm           #####...     2%          2    ###....


Dungeon Overview and Level Annotations

Branches:
Dungeon (13/15)            Temple (0/1) D:4            Lair (6/6) D:8
  Swamp (0/4) Lair:4       Spider (0/4) Lair:4        Slime (0/5) Lair:5
    Orc (2/2) D:10            Elf (0/3) Orc:2
 Vaults: D:13-14

Altars:
Ashenzari
Makhleb
Uskayaw
Xom
Jiyva

Shops:
D:6 *   D:10 *   Orc:2 (*((*


Message History

Aim: a death drake (heavily wounded, catching its breath)
You hit the death drake but do no damage.
You are engulfed in dark miasma.
You are more poisoned.
* * * LOW HITPOINT WARNING * * *
* * * LOW HITPOINT WARNING * * *
You feel extremely sick.
Your orc throws a tomahawk.
The tomahawk closely misses the death drake.
The death drake bites you but does no damage.
You are engulfed in dark miasma.
You are more poisoned.
* * * LOW HITPOINT WARNING * * *
* * * LOW HITPOINT WARNING * * *
You feel extremely sick.
The death drake changes into a tarantella!
Your orc throws a tomahawk.
The tomahawk closely misses the tarantella.
Things that are here:
a short sword; a plate armour
Okay, then.
Okay, then.
You don't know that spell.
You miscast Regeneration.
You are very lightly contaminated with residual magic.
You hear strange and distant voices.
* * * LOW HITPOINT WARNING * * *
You feel extremely sick.
You are confused.
You feel invigorated.
* * * LOW HITPOINT WARNING * * *
You feel extremely sick.
Your orc closely misses the tarantella.
The tarantella bites you but does no damage.
You're too confused!
You're too confused!
It was a potion of brilliance.
You feel clever all of a sudden.
* * * LOW HITPOINT WARNING * * *
You feel extremely sick. The tarantella bites you.
* * * LOW HITPOINT WARNING * * *
You are more confused.
The tarantella bites you.
You are more confused.
Your orc barely misses the tarantella.
It was a potion of invisibility.
You fade into invisibility!
You feel less invigorated.
You die...

.## ..##
############
...#
#.......o..#
..##
#.########.#
.######o#
#.#
.....o..#
#.#
#########
#.#######
#)......#
#@#####..#
#s# #####
#ยง(o# .....
#...# #
.....# #
....... #
#......#
........#
....#...#


You could see a tarantella shaped shifter and a friendly orc.

Vanquished Creatures
  Rupert (Lair:2)
  Nessos (Lair:4)
  Harold (Lair:4)
  4 ogre magi
  4 vault guards
  9 hydras
  A centaur warrior (D:13)
  18 two-headed ogres
  Erica (D:8)
  7 death yaks
  A tengu warrior (D:13)
  Sonja (Lair:4)
  2 skeletal warriors
  2 unseen horrors
  2 phantasmal warriors
  An orc knight (Orc:2)
  A wolf spider (Lair:4)
  A cyclops (D:13)
  An orc sorcerer (Orc:2)
  12 elephants
  A manticore (Lair:6)
  3 black mambas
  4 torpor snails
  9 spiny frogs
  3 komodo dragons
  A gargoyle (D:11)
  8 rime drakes
  A tengu conjurer (D:13)
  2 trolls
  11 polar bears
  4 hornets (D:11)
  4 raiju
  2 slime creatures (D:12)
  4 blink frogs (Lair:2)
  7 dream sheep
  Grinder (D:3)
  5 hippogriffs
  3 wyverns
  53 yaks
  Grum (D:8)
  5 basilisks
  A fire elemental (D:13)
  2 steam dragons
  9 wargs
  An acid dragon (Lair:6)
  21 water moccasins
  12 hell hounds
  7 orc warriors
  9 porcupines
  3 swamp drakes
  13 black bears
  2 ice beasts
  An eye of draining (D:12)
  5 sky beasts
  2 phantoms
  25 wolves
  23 ogres
  14 centaurs
  14 crocodiles
  A big kobold (D:8)
  8 bullfrogs
  Blork the orc (D:6)
  A gnoll sergeant (D:4)
  3 scorpions
  6 killer bees (D:10)
  5 wights (D:9)
  3 electric eels
  A howler monkey (D:5)
  3 bullfrog zombies
  2 centaur zombies
  5 crimson imps
  A quasit (D:12)
  Crazy Yiuf (D:3)
  6 hounds
  A centaur skeleton (D:4)
  5 jellies
  3 orc priests
  10 orc wizards
  A bullfrog skeleton (D:12)
  Jessica (D:3)
  2 iguanas
  Terence (D:2)
  4 hell rats (Lair:5)
  12 worker ants
  A killer bee zombie (D:9)
  2 hound skeletons
  A howler monkey zombie (D:10)
  A worker ant zombie (D:5)
  5 gnolls (D:4)
  A howler monkey skeleton (D:9)
  27 adders
  4 oozes
  An adder skeleton (D:4)
  8 worms
  2 dart slugs (D:1)
  8 leopard geckos
  31 orcs
  8 bats
  4 giant cockroaches
  10 goblins
  8 hobgoblins
  12 jackals
  4 quokkas
  10 frilled lizards
  15 kobolds
  A leopard gecko skeleton (D:6)
  3 leopard gecko zombies
  A quokka zombie (D:5)
  16 rats
638 creatures vanquished.

Vanquished Creatures (collateral kills)
  Azrael (D:13)
  A fire dragon (Lair:6)
  2 vault guards (D:13)
  A death knight (D:11)
  A two-headed ogre (Orc:2)
  3 orc warriors
  A swamp dragon (Lair:6)
  A cyclops (D:12)
  A spiny frog (Lair:2)
  A hornet (D:13)
  A hippogriff (D:13)
  A slime creature (D:12)
  A shadow (D:13)
  A basilisk (Lair:6)
  A warg (Orc:2)
  2 hell hounds (D:13)
  A black bear (Lair:6)
  2 ogres
  A crocodile (Lair:6)
  A bullfrog (D:12)
  An orc wizard (Orc:2)
26 creatures vanquished.

Vanquished Creatures (others)
  3 orc knights
  3 orc warriors
  A soldier ant (D:13)
  A centaur (D:11)
  3 orc wizards
  4 orc priests
  15 orcs
  A bush (Lair:2)
  10 fungi
  21 plants
62 creatures vanquished.

Grand Total: 726 creatures vanquished

Notes
Turn   | Place    | Note
-------+----------+-------------------------------------------
     0 | D:1      | Jynxie the Hill Orc Skald began the quest for the Orb.
     0 | D:1      | Reached XP level 1. HP: 18/18 MP: 3/3
   224 | D:1      | Reached XP level 2. HP: 11/25 MP: 4/4
   631 | D:1      | Reached skill level 3 in Polearms
   771 | D:1      | Reached XP level 3. HP: 31/31 MP: 5/5
  1582 | D:2      | Reached skill level 4 in Polearms
  1582 | D:2      | Reached XP level 4. HP: 34/38 MP: 6/6
  1595 | D:2      | Noticed Terence
  1606 | D:2      | Killed Terence
  1864 | D:2      | Found a burning altar of Makhleb.
  2228 | D:3      | Reached XP level 5. HP: 46/46 MP: 7/7
  2234 | D:3      | Found a faded altar of an unknown god.
  2297 | D:3      | Noticed Grinder
  2313 | D:3      | Killed Grinder
  2313 | D:3      | Reached skill level 6 in Polearms
  2313 | D:3      | Reached XP level 6. HP: 30/55 MP: 8/8
  2464 | D:3      | Reached skill level 5 in Fighting
  2585 | D:3      | Noticed Jessica
  2589 | D:3      | Killed Jessica
  2873 | D:3      | Reached XP level 7. HP: 48/61 MP: 9/9
  2899 | D:3      | Found a glowing drain.
  3144 | D:3      | Found a runed door.
  3157 | D:3      | Learned a level 2 spell: Shroud of Golubria
  3159 | D:3      | Noticed Crazy Yiuf
  3169 | D:3      | Killed Crazy Yiuf
  3316 | D:4      | Reached skill level 7 in Polearms
  3598 | D:4      | Found a staircase to the Ecumenical Temple.
  3619 | D:4      | Reached skill level 1 in Shields
  3950 | D:5      | Entered Level 5 of the Dungeon
  3987 | D:5      | Reached XP level 8. HP: 66/70 MP: 10/10
  4162 | D:5      | Reached skill level 8 in Polearms
  5020 | D:6      | Found Koovu's General Store.
  5045 | D:6      | Bought a potion of might for 56 gold pieces
  5045 | D:6      | Bought a scroll of blinking for 105 gold pieces
  5307 | D:6      | Reached skill level 9 in Polearms
  5401 | D:6      | Learned a level 3 spell: Regeneration
  5405 | D:6      | Learned a level 3 spell: Spectral Weapon
  5436 | D:6      | Reached XP level 9. HP: 78/79 MP: 11/11
  5534 | D:6      | Noticed Blork the orc
  6517 | D:7      | Found a shimmering altar of Xom.
  7031 | D:8      | Reached skill level 10 in Polearms
  7031 | D:8      | Noticed Grum
  7074 | D:8      | Killed Grum
  7074 | D:8      | Reached skill level 5 in Armour
  7406 | D:8      | Reached skill level 5 in Shields
  7810 | D:8      | Reached XP level 10. HP: 62/90 MP: 12/12
  7923 | D:7      | Reached skill level 13 in Polearms
  7923 | D:7      | Reached XP level 11. HP: 104/104 MP: 13/13
  8223 | D:7      | Reached skill level 1 in Throwing
  8538 | D:8      | Found a staircase to the Lair.
  9541 | D:9      | Noticed a two-headed ogre
  9559 | D:9      | Killed a two-headed ogre
  9560 | D:9      | Noticed a two-headed ogre
  9570 | D:9      | Killed a two-headed ogre
  9782 | D:9      | Noticed a two-headed ogre
  9823 | D:9      | Killed a two-headed ogre
 10265 | D:10     | Entered Level 10 of the Dungeon
 10265 | D:10     | Noticed a two-headed ogre
 10284 | D:9      | Killed a two-headed ogre
 10666 | D:10     | Found Poseang's Assorted Antiques.
 10674 | D:10     | Bought a lumpy red potion for 27 gold pieces
 10674 | D:10     | Bought a scroll of fear for 105 gold pieces
 10674 | D:10     | Bought a fuming ruby potion for 27 gold pieces
 10844 | D:10     | Killed an unseen horror
 11427 | D:10     | Reached skill level 14 in Polearms
 11525 | D:10     | Found a staircase to the Orcish Mines.
 11749 | D:10     | Reached XP level 12. HP: 105/113 MP: 14/14
 12001 | D:11     | Found a shattered altar of Ashenzari.
 12021 | D:11     | Noticed a death knight
 12155 | D:11     | Noticed a two-headed ogre
 12199 | D:10     | Killed a two-headed ogre
 12730 | D:11     | Became a worshipper of Beogh the Brigand
 13761 | D:11     | Paralysed by a hornet for 1 turns
 13856 | D:11     | Paralysed by a hornet for 2 turns
 14351 | D:6      | Killed Blork the orc
 14373 | Lair:1   | Entered Level 1 of the Lair of Beasts
 14405 | D:8      | Reached * piety under Beogh
 15538 | Lair:1   | Noticed Erica
 15562 | D:8      | Killed Erica
 16175 | Lair:1   | Reached skill level 15 in Polearms
 17081 | Lair:1   | Reached skill level 1 in Invocations
 17326 | Lair:2   | Reached XP level 13. HP: 117/122 MP: 15/15
 17407 | Lair:2   | Reached skill level 5 in Throwing
 18438 | Lair:2   | Reached ** piety under Beogh
 21206 | Lair:4   | Found a staircase to the Swamp.
 21221 | Lair:4   | Noticed Sonja
 21227 | Lair:4   | Killed Sonja
 21460 | Lair:4   | Noticed Harold
 21481 | Lair:4   | Killed Harold
 21619 | Lair:4   | Noticed Rupert
 21665 | Lair:2   | Killed Rupert
 22407 | Lair:4   | Found a hole to the Spider Nest.
 23351 | Lair:4   | Noticed Nessos
 24020 | Lair:4   | Killed Nessos
 24287 | Lair:5   | Reached skill level 5 in Invocations
 24287 | Lair:5   | Reached XP level 14. HP: 132/132 MP: 17/17
 24303 | Lair:5   | Reached skill level 16 in Polearms
 24966 | Lair:5   | Found a viscous altar of Jiyva.
 24966 | Lair:5   | Found a staircase to the Slime Pits.
 25215 | Lair:6   | Entered Level 6 of the Lair of Beasts
 26840 | Lair:5   | Reached *** piety under Beogh
 27825 | Lair:6   | Reached skill level 10 in Armour
 27984 | Lair:6   | Reached skill level 5 in Charms
 28485 | Lair:6   | Reached skill level 10 in Shields
 29656 | Lair:6   | Reached **** piety under Beogh
 30058 | Lair:6   | Learned a level 2 spell: Blink
 30706 | Lair:6   | Reached XP level 15. HP: 138/139 MP: 21/21
 31568 | Lair:6   | Reached skill level 15 in Fighting
 32386 | D:12     | Found a hide-covered altar of Uskayaw.
 32529 | D:12     | Reached ***** piety under Beogh
 33996 | Orc:1    | Entered Level 1 of the Orcish Mines
 34192 | Orc:2    | Entered Level 2 of the Orcish Mines
 36163 | Orc:2    | Found Jinuruy's Antique Weapon Emporium.
 36163 | Orc:2    | Found Uheps's General Store.
 36169 | Orc:2    | Found Pygergh's Weapon Boutique.
 36169 | Orc:2    | Found Uxzolev's Antique Weapon Shoppe.
 36584 | Orc:2    | Bought a runed spear for 192 gold pieces
 36586 | Orc:2    | Bought a glowing trident for 182 gold pieces
 36586 | Orc:2    | Bought a glowing spear for 168 gold pieces
 36587 | Orc:2    | Bought a potion of haste for 120 gold pieces
 36858 | Orc:2    | Found Aurax's Alliterative Accessories.
 36867 | Orc:2    | Bought a scroll of acquirement for 676 gold pieces
 36909 | Orc:2    | Reached skill level 10 in Invocations
 36914 | Orc:2    | Gained Zorug as an ally
 36934 | Orc:2    | Found a staircase to the Elven Halls.
 37416 | D:13     | Gained Blodwig as an ally
 37582 | D:13     | Noticed Azrael
 37604 | D:13     | Your ally Blodwig died
 37608 | D:13     | Killed Azrael
 37617 | D:13     | Your ally Zorug died
 38010 | D:13     | Reached XP level 16. HP: 101/150 MP: 16/23
 38393 | D:13     | Reached ****** piety under Beogh
 38624 | D:13     | HP: 5/145 [poisoned by a death drake (dark miasma)]
 38625 | D:13     | Succumbed to a death drake's dark miasma

Vault maps used:
D:1:      lightli_arrival_statuegarden
D:2:      marbit_many_paths, minmay_close_crescents, uniq_terence
D:3:      chequers_ecumenical_altar_island, lightli_sewer_entry_pipes,
          grunt_decor_cap, uniq_crazy_yiuf_cottage, uniq_grinder, uniq_jessica
D:4:      minmay_temple_entry_fiery
D:5:      first_ration
D:6:      serial_shops, shop, st_stairs_6, uniq_blork_the_orc
D:7:      old_standard_altar
D:8:      minmay_lair_entry_grove, uniq_grum
D:9:      kennysheep_big_flooded_room
D:10:     orc_0_dummy, serial_shops, shop
D:11:     basic_altar, hangedman_pestilent_swarm
D:12:     basic_altar
D:13:     erik_vaults_2, zaba_antful_of_joy, uniq_azrael
Lair:1:   serial_bayou_shore_a, lemuel_fruit_tree, grunt_megastairs_3,
          uniq_erica
Lair:2:   lemuel_reptile_caves
Lair:3:   gammafunk_lair_bear_cave
Lair:4:   swamp_mist_pool, spider_nest_entry_rubble, serial_bayou_shore_b,
          infiniplex_staircase_pool_2, grunt_megastairs_1, uniq_sonja,
          uniq_harold, uniq_rupert, uniq_nessos
Lair:5:   slime_altar_1
Lair:6:   guppyfry_lair_end_dragon, hangedman_lair_caniforms_friends,
          lab_entry_generic, st_stairs_10, serial_bayou_pond_a
Orc:2:    st_orc_ogre_mass, portal_ice_cave_rime, nicolae_alphabet_shops

Skill      XL: |  1  2  3  4  5  6  7  8  9 10 11 12 13 14 15 |
---------------+----------------------------------------------+-----
Polearms       | 3 4 6 7 9 10 13 14 15 16 | 16.0
Fighting       | 3 4 5 6 7 8 12 13 14 15 | 15.8
Shields        | 1 3 5 6 8 9 10 11 | 11.7
Armour         | 2 3 5 6 8 9 10 11 | 11.8
Throwing       | 3 4 6 |  6.0
Invocations    | 1 5 8 10 | 10.5
Charms         | 3 5 7 |  7.6
Dodging        | |  1.5
Spellcasting   | |  1.5

Action                   |  1- 3 |  4- 6 |  7- 9 | 10-12 | 13-15 | 16-18 || total
-------------------------+-------+-------+-------+-------+-------+-------++-------
Melee: Spear             |   114 |   217 |   679 |  1105 |  2740 |   178 ||  5033
Throw: Tomahawk          |       |       |       |     7 |   213 |       ||   220
       Javelin           |       |       |       |       |    84 |       ||    84
 Cast: Shroud of Golubri |       |       |     1 |       |       |       ||     1
       Infusion          |       |       |     1 |       |       |       ||     1
       Regeneration      |       |       |       |       |       |     1 ||     1
Invok: Convert to Beogh  |       |       |       |     1 |       |       ||     1
       Smiting           |       |       |       |       |    10 |     1 ||    11
Evoke: Wand              |       |       |       |       |    27 |       ||    27
  Use: Scroll            |     3 |       |    10 |     6 |    14 |       ||    33
       Potion            |     2 |     1 |       |     7 |    12 |     3 ||    25
 Stab: Invisible         |       |       |     1 |       |       |       ||     1
       Distracted        |       |       |       |       |     4 |       ||     4
  Eat: Chunk             |     2 |     5 |    16 |    18 |    34 |       ||    75
       Ration            |       |       |       |     4 |     9 |     1 ||    14
Armor: Leather armour    |    12 |     1 |       |       |       |       ||    13
       Scale mail        |       |    66 |    55 |       |       |       ||   121
       Chain mail        |       |       |   134 |       |       |       ||   134
       Ring mail         |       |       |    13 |   208 |    21 |       ||   242
       Plate armour      |       |       |       |       |   719 |    42 ||   761
       Fire dragon scale |       |       |       |       |   292 |       ||   292
Dodge: Dodged            |    22 |    51 |   137 |   269 |   557 |    17 ||  1053
Block: Buckler           |       |       |    65 |   140 |   239 |       ||   444
       Shield            |       |       |       |       |   494 |    27 ||   521

Table legend:
 A = Spawn XP
 B = Non-spawn XP
 C = Spawn XP percentage of total XP
 D = Spawn monster count
 E = Non-spawn monster count
 F = Spawn count percentage of total count
 G = Total turns spent on level
                    A         B        C        D         E        F      G
               +---------+---------+-------+---------+---------+-------+---------
         Total |       0 |  128569 |   0.0 |       0 |     663 |   0.0 | 38625
               +---------+---------+-------+---------+---------+-------+---------
           D:1 |       0 |      56 |   0.0 |       0 |      25 |   0.0 |  1156
           D:2 |       0 |      93 |   0.0 |       0 |      30 |   0.0 |   978
           D:3 |       0 |     521 |   0.0 |       0 |      39 |   0.0 |  1076
           D:4 |       0 |     481 |   0.0 |       0 |      18 |   0.0 |   740
           D:5 |       0 |     631 |   0.0 |       0 |      15 |   0.0 |   925
           D:6 |       0 |     737 |   0.0 |       0 |      28 |   0.0 |  1241
           D:7 |       0 |    1917 |   0.0 |       0 |      20 |   0.0 |  1528
           D:8 |       0 |    5089 |   0.0 |       0 |      42 |   0.0 |  2993
           D:9 |       0 |    5617 |   0.0 |       0 |      34 |   0.0 |  1653
          D:10 |       0 |    4858 |   0.0 |       0 |      33 |   0.0 |  2817
          D:11 |       0 |    5351 |   0.0 |       0 |      34 |   0.0 |  1471
          D:12 |       0 |    3457 |   0.0 |       0 |      15 |   0.0 |  1182
          D:13 |       0 |   11149 |   0.0 |       0 |      31 |   0.0 |  1155
        Lair:1 |       0 |    5198 |   0.0 |       0 |      24 |   0.0 |  2141
        Lair:2 |       0 |   10939 |   0.0 |       0 |      51 |   0.0 |  2403
        Lair:3 |       0 |    2661 |   0.0 |       0 |       7 |   0.0 |  2118
        Lair:4 |       0 |    7714 |   0.0 |       0 |      19 |   0.0 |  2243
        Lair:5 |       0 |   14580 |   0.0 |       0 |      40 |   0.0 |  3331
        Lair:6 |       0 |   26035 |   0.0 |       0 |     101 |   0.0 |  4430
         Orc:1 |       0 |   11757 |   0.0 |       0 |      25 |   0.0 |  2049
         Orc:2 |       0 |    9728 |   0.0 |       0 |      32 |   0.0 |   995
               +---------+---------+-------+---------+---------+-------+---------
